 Dungeon Crawl Stone Soup version 0.29-a0-91-gdebf4667c2 (webtiles) character file.

Game seed: 3244923934004904534

413 gruber the Chiller (level 6, -2/32 HPs)
             Began as a Gargoyle Ice Elementalist on Feb 7, 2022.
             Killed by divine providence
             ... invoked by an orc priest
              (17 damage)
             ... on level 4 of the Dungeon.
             The game lasted 00:05:18 (4864 turns).

gruber the Chiller (Gargoyle Ice Elementalist)      Turns: 4864, Time: 00:05:19

Health: -2/32      AC: 10    Str: 12    XL:     6   Next: 90%
Magic:  7/10       EV: 11    Int: 17    God:
Gold:   145        SH:  0    Dex: 10    Spells: 7/11 levels left

rFire   . . .      SeeInvis .   r - +1 falchion (venom)
rCold   . . .      Faith    .   (no shield)
rNeg    + . .      Spirit   .   a - +0 robe
rPois   ∞          Reflect  .   (no helmet)
rElec   +          Harm     .   t - +2 cloak
rCorr   .          Rampage  .   (no gloves)
Will    .....                   k - +0 pair of boots
Stlth   ++........              (no amulet)
HPRegen 0.10/turn               q - ring of wizardry
MPRegen 0.12/turn               (no ring)

@: freezing walls
A: sickness immunity, AC +4, negative energy resistance 1, electricity
resistance, torment resistance 1, petrification resistance
a: no special abilities


You were on level 4 of the Dungeon.
You visited 1 branch of the dungeon, and saw 4 of its levels.

You collected 145 gold pieces.

Inventory:

Hand Weapons
 f - a +0 morningstar
 r - a +1 falchion of venom (weapon)
Armour
 a - a +0 robe (worn)
 k - a +0 pair of boots (worn)
 t - a +2 cloak (worn)
Jewellery
 q - a ring of wizardry (left hand)
Wands
 n - a wand of iceblast (5)
Scrolls
 b - 2 scrolls of teleportation {unknown}
 d - a scroll of identify {unknown}
 e - a scroll of summoning {unknown}
 i - a scroll of blinking {unknown}
 j - 2 scrolls of brand weapon {unknown}
 l - a scroll of enchant weapon {unknown}
 m - a scroll of magic mapping {unknown}
 p - a scroll of noise {unknown}
 s - a scroll of enchant armour {unknown}
Potions
 c - 2 potions of brilliance {unknown}
 g - a potion of curing {unknown}
 h - a potion of flight {unknown}
 o - 2 potions of cancellation {unknown}


   Skills:
 - Level 1.5 Dodging
 - Level 2.1 Stealth
 - Level 3.2 Spellcasting
 + Level 7.5 Ice Magic


You had 7 spell levels left.
You knew the following spells:

 Your Spells              Type           Power      Damage    Failure   Level
a - Freeze                Ice            100%       1d11      1%          1
b - Frozen Ramparts       Ice            56%        1d7       1%          3

Your spell library contained the following spells:

 Spells                   Type           Power      Damage    Failure   Level
 Ozocubu's Armour         Ice            28%        N/A       1%          3
 Hailstorm                Conj/Ice       15%        3d5       16%         4
 Dispersal                Tloc           1%         N/A       100%        6
 Disjunction              Tloc           1%         N/A       100%        8


Dungeon Overview and Level Annotations

Branches:
Dungeon (4/15)
 Temple: D:4-7

Altars:
Ashenzari
Elyvilon

Shops:
D:2 !   D:4 (


Innate Abilities, Weirdness & Mutations

You are immune to sickness and miasma.
Your stone body is resilient. (AC +4)
You are immune to poison.
You resist negative energy. (rN+)
You are resistant to electric shocks. (rElec)
You are resistant to unholy torment.
You are immune to petrification.


Message History

An orc comes into view. It is wielding a +0 short sword.
Things that are here:
a +0 short sword; a +0 robe An orc comes into view.
It is wielding a +0 dagger.
The orc shouts!
You hear a shout! x2
An orc priest comes into view. It is wielding a +0 dagger.
The orc shouts!
The orc priest shouts!
An orc comes into view. It is wielding a +0 dagger.
The orc hits you but does no damage. The orc hits you with a +0 short sword.
Unknown command.
Unknown command.
Unknown command.
Casting: Frozen Ramparts (safe; 1% risk of failure)
Confirm with . or Enter, or press ? or * to list all spells.
Casting: Frozen Ramparts (safe; 1% risk of failure)
Press: ? - help, Dir - look around, f - activate The walls around you are covered in ice.
The wall freezes the orc.
The orc closely misses you.
The wall freezes the orc.
You kill the orc!
The wall freezes the orc.
Unknown command.
The wall freezes the orc.
The orc hits you but does no damage.
The wall freezes the orc.
You kill the orc!
The wall freezes the orc.
You kill the orc!
The wall freezes the orc.
The wall freezes the orc priest.
The wall freezes the orc.
You kill the orc!
The wall freezes the orc priest.
The orc priest mumbles some strange prayers to Beogh against you.
Beogh smites you!
You are too injured to fight recklessly!
You are too injured to fight recklessly!
Unknown command.
The wall freezes the orc priest.
The orc priest mumbles some strange prayers to Beogh against you.
Beogh smites you!
Ouch! That really hurt!
You die...

#.......#.......##.#
##.##########.##.##.# #...####
###.)#.##.#
#.#....####...∩.....#
#.........#)####.####
♣##.##....).........#
#.##..#.....##################
#.##........##..###..(#..#.)#=
#.###.#..<.o)@....###...##.##.
#.###.#..##.##...)..###....#..
#...........##'#......###†...#
#######...#..#.###......###...
#...####...###......###. #...#
###...###......#' #...#
###...###...... #...#
##.=##......# .....
#...)##......##


You could see an orc priest.

Vanquished Creatures
  A wight (D:4)
  A jelly (D:4)
  An orc priest (D:4)
  Terence (D:2)
  3 orc wizards
  A scorpion zombie (D:4)
  A hound skeleton (D:4)
  5 adders
  3 worms
  A dart slug (D:3)
  12 orcs
  8 bats
  12 endoplasms
  7 hobgoblins
  3 jackals (D:4)
  9 kobolds
  10 quokkas
  5 ball pythons
  6 frilled lizards
  11 goblins
  9 rats
110 creatures vanquished.

Vanquished Creatures (others)
  6 plants (D:1)
6 creatures vanquished.

Grand Total: 116 creatures vanquished

Notes
Turn   | Place    | Note
-------+----------+-------------------------------------------
     0 | D:1      | gruber the Gargoyle Ice Elementalist began the quest for
                  | the Orb.
     0 | D:1      | Reached XP level 1. HP: 10/10 MP: 3/3
    57 | D:1      | Reached XP level 2. HP: 2/15 MP: 0/5
   764 | D:1      | Reached XP level 3. HP: 15/19 MP: 4/6
   768 | D:1      | Learned a level 3 spell: Frozen Ramparts
  1395 | D:2      | Noticed Terence
  1400 | D:2      | Killed Terence
  1401 | D:2      | Reached skill level 5 in Ice Magic
  1401 | D:2      | Reached XP level 4. HP: 16/24 MP: 1/8
  1898 | D:2      | Found Jocumew's Distillery.
  2371 | D:3      | Reached XP level 5. HP: 9/28 MP: 1/9
  2693 | D:3      | Found a broken altar of Ashenzari.
  2935 | D:3      | Found a white marble altar of Elyvilon.
  3579 | D:4      | Found Munur's Weapon Boutique.
  3604 | D:4      | Reached skill level 6 in Ice Magic
  3853 | D:4      | Reached XP level 6. HP: 32/32 MP: 5/10
  4267 | D:4      | Reached skill level 7 in Ice Magic
  4864 | D:4      | Killed from afar by an orc priest

Illustrated notes

Levels and vault maps discovered:
D:1:      ncdulo_lavacross, layout_loops_ring, serial_forest,
          infiniplex_forest_lined_3, infiniplex_forest_clump_large,
          infiniplex_forest_lined_2, infiniplex_forest_clump_curved,
          infiniplex_forest_lined_3_way, chequers_mini_garden, st_stairs_10,
          hangedman_decor_riveting, minmay_tromino_v2
D:2:      minmay_diamond_boxcup, layout_rooms, serial_shops,
          nicolae_square_shop, uniq_terence
D:3:      layout_basic, old_standard_altar, cheibrodos_ashenzari_chains
D:4:      minmay_razor_zed, layout_loops_cross, kennysheep_mini_moat,
          portal_sewer_entry_a, serial_shops, shop

Skill      XL: |  1  2  3  4  5  6 |
---------------+-------------------+-----
Ice Magic      | 5 6 7 |  7.5
Spellcasting   | 3 |  3.2
Dodging        | |  1.5
Stealth        | |  2.1

Action                   |  1- 3 |  4- 6 || total
-------------------------+-------+-------++-------
Melee: Unarmed           |    23 |       ||    23
       Morningstar       |       |    40 ||    40
       Punch             |       |     1 ||     1
       Falchion          |       |    13 ||    13
 Cast: Freeze            |    41 |    76 ||   117
       Frozen Ramparts   |     1 |     8 ||     9
Evoke: Wand              |       |     3 ||     3
 Stab: Sleeping          |       |     1 ||     1
Armor: Robe              |    21 |    50 ||    71
Dodge: Dodged            |    35 |    70 ||   105

Table legend: (Time is in decaauts)
 A = Elapsed time spent in this place.
 B = Non-inter-level travel time spent in this place.
 C = Inter-level travel time spent in this place.
 D = Time resting spent in this place.
 E = Time spent auto-exploring this place.
 F = Levels seen in this place.
 G = Mean time per level.
                   A        B        C        D        E       F      G
               +--------+--------+--------+--------+--------+-----+--------+
         Total |   4885 |   4832 |     53 |      0 |   4137 |   4 | 1221.2 |
       Dungeon |   4885 |   4832 |     53 |      0 |   4137 |   4 | 1221.2 |
               +--------+--------+--------+--------+--------+-----+--------+

Top non-repeatable levels by time:
     D:1: 1395 daAuts
     D:4: 1310 daAuts
     D:3: 1262 daAuts
     D:2: 917 daAuts
